 Dungeon Crawl Stone Soup version 0.27-a0-1232-gc6a4cbde82 (webtiles) character file.

Game seed: 4217852113479110296

157 mordus the Firebug (level 5, 0/57 HPs)
             Began as a Draconian Fire Elementalist on June 8, 2021.
             Succumbed to a scorpion's poison
             ... on level 5 of the Dungeon.
             The game lasted 00:06:28 (2130 turns).

mordus the Firebug (Draconian Fire Elementalist)    Turns: 2130, Time: 00:06:29

Health: 0/57       AC:  5    Str: 10    XL:     5   Next: 15%
Magic:  6/9        EV: 16    Int: 17    God:
Gold:   70         SH:  0    Dex: 11    Spells: 9/10 levels left

rFire    . . .     SeeInvis .   c - +0 short sword
rCold    . . .     Faith    .   (no shield)
rNeg     . . .     Spirit   .   (armour unavailable)
rPois    .         Reflect  .   (helmet restricted)
rElec    .         Harm     .   (no cloak)
rCorr    .         Rampage  .   (no gloves)
Will     .....                  (no boots)
Stlth    ..........             (no amulet)
HPRegen  0.19/turn              e - +4 ring of evasion
MPRegen  0.11/turn              (no ring)

@: berserking, lethally poisoned (0 -> -3), very quick
A: AC +5, unfitting armour, cold-blooded
a: no special abilities


You were on level 5 of the Dungeon.
You visited 1 branch of the dungeon, and saw 5 of its levels.

You collected 70 gold pieces.

Inventory:

Hand Weapons
 c - a +0 short sword (weapon)
Jewellery
 e - a +4 ring of evasion (left hand)
Scrolls
 a - a scroll of holy word {unknown}
 d - a scroll of teleportation {unknown}
 h - a scroll of acquirement {unknown}
 i - a scroll of enchant armour {unknown}
 j - a scroll of blinking {unknown}
 k - a scroll of identify {unknown}
 l - a scroll of noise {unknown}
Potions
 b - a potion of invisibility
 g - a potion of cancellation


   Skills:
 - Level 1.7 Dodging
 - Level 1.7 Stealth
 + Level 3.0 Spellcasting
 + Level 2.5 Conjurations
 * Level 4.7 Fire Magic


You had 9 spell levels left.
You knew the following spells:

 Your Spells              Type           Power      Damage    Failure   Level
a - Foxfire               Conj/Fire      56%        2x1d6     4%          1

Your spell library contained the following spells:

 Spells                   Type           Power      Damage    Failure   Level
 Shock                    Conj/Air       24%        1d4       11%         1
 Conjure Flame            Conj/Fire      14%        6-21      12%         3
 Static Discharge         Conj/Air       6%         N/A       16%         2
 Inner Flame              Hex/Fire       10%        N/A       21%         3
 Sticky Flame             Conj/Fire      14%        2d4       36%         4
 Swiftness                Air            2%         N/A       45%         3
 Fireball                 Conj/Fire      7%         3d5       73%         5
 Airstrike                Air            1%         N/A       86%         4
 Lightning Bolt           Conj/Air       3%         1d14      96%         5


Dungeon Overview and Level Annotations

Branches:
Dungeon (4/15)
 Temple: D:4-7

Altars:
Xom

Annotations:
D:2 Robin


Innate Abilities, Weirdness & Mutations

Your plain brown scales are hard. (AC +5)
You cannot fit into any form of body armour.
You are cold-blooded and may be slowed by cold attacks.


Message History

You kill the iguana!
The scorpion stings you.
Your Spellcasting skill increases to level 3!
You have reached level 5!
The scorpion barely misses you. The scorpion stings you.
The scorpion closely misses you.
The scorpion stings you but does no damage.
The scorpion closely misses you. The scorpion stings you.
The scorpion closely misses you.
The scorpion stings you but does no damage.
Found 16 gold pieces.
The scorpion misses you. The scorpion stings you.
You see here 16 gold pieces.
The scorpion stings you!
* * * LOW HITPOINT WARNING * * *
You are lethally poisoned!
The scorpion poisons you!
* * * LOW HITPOINT WARNING * * *
You feel very sick.
* * * LOW HITPOINT WARNING * * *
You feel sick.
It was a potion of invisibility.
You fade into invisibility!
* * * LOW HITPOINT WARNING * * *
You feel sick. The scorpion barely misses you.
You are very lightly contaminated with residual magic.
It was a potion of cancellation.
Your magical effects are unravelling.
You feel magically purged.
Your magical contamination has completely faded away.
You flicker back into view.
* * * LOW HITPOINT WARNING * * *
You feel sick. The scorpion closely misses you.
It was a potion of berserk rage.
A red film seems to cover your vision as you go berserk!
You feel yourself moving faster!
You feel mighty!
You die...

#..............#..#
##..............## .#
###.....#8###8#....#
#8.....########.....#
##.....##...# ##..#>#
......8##...# ....#
.....####...## .##..
....## #....####.###.
.#8######......s@..#
.###......$...###..#
.....####...#.# ...#
###### #####... ....#
#####....# ##....
.##.. .# ##


You could see a scorpion.

Vanquished Creatures
  A scorpion (D:3)
  An iguana (D:5)
  An adder (D:2)
  A worm (D:2)
  2 dart slugs
  3 ball pythons
  4 endoplasms
  2 giant cockroaches
  8 hobgoblins
  4 quokkas
  4 bats
  4 frilled lizards
  11 goblins
  2 kobolds
  5 rats
53 creatures vanquished.

Vanquished Creatures (others)
  108 foxfires
108 creatures vanquished.

Grand Total: 161 creatures vanquished

Notes
Turn   | Place    | Note
-------+----------+-------------------------------------------
     0 | D:1      | mordus the Draconian Fire Elementalist began the quest for
                  | the Orb.
     0 | D:1      | Reached XP level 1. HP: 14/14 MP: 3/3
   492 | D:1      | Reached XP level 2. HP: 20/20 MP: 1/5
  1093 | D:2      | Reached XP level 3. HP: 26/26 MP: 2/6
  1368 | D:2      | Noticed Robin
  1369 | D:2      | Found a shimmering altar of Xom.
  1399 | D:1      | Reached skill level 4 in Fire Magic
  1706 | D:3      | Reached XP level 4. HP: 29/33 MP: 4/7
  1743 | D:3      | Noticed a scorpion
  1763 | D:3      | Killed a scorpion
  2058 | D:3      | You fall into a shaft and drop 2 floors!
  2058 | D:5      | Entered Level 5 of the Dungeon
  2080 | D:5      | Noticed a scorpion
  2088 | D:5      | Reached XP level 5. HP: 23/38 MP: 1/9
  2129 | D:5      | HP: 1/38 [poisoned by a scorpion]
  2130 | D:5      | Succumbed to a scorpion's poison

Illustrated notes

Levels and vault maps discovered:
D:1:      evilmike_arrival_rings, layout_loops_ring
D:2:      layout_rooms, basic_altar, grunt_ministairs_9, uniq_robin
D:3:      layout_basic, nicolae_overflow_quartered_altars, lemuel_doored_altar,
          kennysheep_generic_room_2, uniq_sigmund
D:4:      layout_basic, nicolae_sif_muna_condensation, temple_fountains,
          portal_sewer_entry_b, serial_co_window_serial, co_window_paths_a,
          co_window_paths_a, co_window_paths_b, co_window_paths_b,
          co_window_of_opportunity_a, co_window_2corner, co_window_corner_cb,
          co_window_of_opportunity_b, co_window_unsneaky_path_b,
          glass_columns_a, glass_columns_a, glass_columns_a, glass_columns_a,
          glass_columns_a, chequers_serial_rivers_micro_d, uniq_grinder
D:5:      layout_rooms, gammafunk_temple_overflow_elements, serial_corexii_hall,
          corexii_hall_statues_s, corexii_hall_statues_x,
          chequers_hall_statues_y

Skill      XL: |  1  2  3  4 |
---------------+-------------+-----
Fire Magic     | 4 |  4.7
Conjurations   | 2 |  2.5
Spellcasting   | 3 |  3.0
Dodging        | |  1.7
Stealth        | |  1.7

Action                   |  1- 3 |  4- 6 || total
-------------------------+-------+-------++-------
Melee: Short sword       |    63 |     4 ||    67
       Tailslap          |     4 |       ||     4
       Unarmed           |     1 |       ||     1
 Cast: Foxfire           |    45 |    22 ||    67
  Use: Potion            |       |     3 ||     3
 Stab: Sleeping          |     3 |       ||     3
Armor: Skin              |    19 |     4 ||    23
Dodge: Dodged            |    57 |    17 ||    74

Table legend: (Time is in decaauts)
 A = Elapsed time spent in this place.
 B = Non-inter-level travel time spent in this place.
 C = Inter-level travel time spent in this place.
 D = Time resting spent in this place.
 E = Time spent auto-exploring this place.
 F = Levels seen in this place.
 G = Mean time per level.
                   A        B        C        D        E       F      G
               +--------+--------+--------+--------+--------+-----+--------+
         Total |   2137 |   2078 |     59 |    294 |   1289 |   5 |  427.4 |
       Dungeon |   2137 |   2078 |     59 |    294 |   1289 |   5 |  427.4 |
               +--------+--------+--------+--------+--------+-----+--------+

Top non-repeatable levels by time:
     D:1: 1351 daAuts
     D:3: 364 daAuts
     D:2: 347 daAuts
     D:5: 72 daAuts
     D:4: 1 daAuts
